Map: Pylon LE

Players

Facee

  • Race: Protoss Protoss
  • League: Master
  • Spawn Location: 5:00

ManlyManMeat - Winner!

  • Race: Terran Terran
  • League: Master
  • Spawn Location: 11:00

VOD

Have the link to the VOD?

Description

Time

  • Played on: June 12, 2025, 5:01 p.m.
  • Length: 10:28
Show
View Real Time Build Order
Export as new Build Order

Facee Protoss 

Build Orders:  

Get SALT Encoding   

  12  0:01  Probe  
  13  0:17  Probe  
  13  0:18  Pylon  
  14  0:29  Probe  
  15  0:38  Gateway  
  15  0:41  Probe  
  16  0:45  Assimilator  
  16  0:49  Probe  
  17  0:57  Probe  
  18  1:08  Probe  
  19  1:20  Probe  
  19  1:25  Cybernetics Core  
  20  1:32  Probe  
  21  1:44  Probe  
  22  1:56  Probe  
  23  2:07  Nexus  
  23  2:08  Warp Gate  
  23  2:11  Pylon  
  23  2:21  Stalker  
  23  2:29  Probe  
  26  2:38  Gateway  
  26  2:41  Probe  
  27  2:52  Pylon  
  27  2:53  Probe  
  27  2:58  Stalker  
  29  3:14  Gateway  
  29  3:16  Probe  
  30  3:24  Probe  
  30  3:33  Probe x2  
  32  3:39  Assimilator  
  32  3:41  Probe  
  33  3:46  Probe  
  35  3:49  Probe  
  35  3:50  Robotics Facility  
  36  4:00  Probe  
  36  4:01  Probe  
  38  4:06  Stalker  
  38  4:07  Stalker  
  42  4:11  Probe  
  42  4:13  Probe  
  43  4:19  Probe  
  43  4:20  Twilight Council  
  44  4:24  Assimilator  
  44  4:27  Probe  
  44  4:37  Observer  
  46  4:38  Probe  
  46  4:41  Zealot x3  
  53  4:46  Charge, Assimilator  
  53  4:51  Probe  
  52  4:58  Probe  
  51  5:01  Pylon  
  51  5:02  Stalker  
  51  5:03  Probe  
  51  5:05  Pylon  
  54  5:19  Probe  
  55  5:23  Stalker x2  
  59  5:32  Gateway  
  59  5:34  Stalker  
  61  5:42  Pylon  
  61  5:49  Stalker x2  
  65  6:01  Stalker  
  67  6:14  Pylon  
  67  6:16  Gateway  
  67  6:19  Gateway  
  67  6:20  Gateway  
  67  6:32  Stalker x4  
  75  6:48  Nexus  
  75  6:50  Forge  
  75  6:55  Pylon  
  75  6:57  Zealot  
  75  6:58  Zealot x3  
  75  6:59  Pylon  
  83  7:19  Zealot x6  
  83  7:20  Protoss Ground Weapons Level 1, Zealot  
  97  7:32  Robotics Bay  
  97  7:42  Pylon  
  97  7:43  Pylon  
  97  7:45  Zealot x2  
  101  7:58  Pylon  
  101  8:00  Zealot x2  
  101  8:01  Zealot x3  
  91  8:16  Probe  
  91  8:17  Zealot x2  
  90  8:20  Probe  
  90  8:28  Probe  
  90  8:32  Probe  
  80  8:40  Probe  
  81  8:47  Pylon  
  81  8:52  Probe  
  82  8:58  Stalker x3  
  82  8:59  Stalker  
  90  9:04  Probe  
  91  9:18  Zealot x2  
  91  9:21  Probe  
  76  9:33  Probe  
  54  9:43  Probe  
  54  9:45  Zealot x2  
  49  9:46  Zealot x2  
  49  9:47  Zealot x2  
  49  9:51  Probe  
  59  9:54  Probe  
  59  9:57  Pylon  
  59  9:59  Probe  
  61  10:02  Probe x2  
  64  10:11  Probe  
  56  10:15  Zealot x5  
  56  10:16  Zealot  
Show
View Real Time Build Order
Export as new Build Order

ManlyManMeat Terran - Winner!

Build Orders:  

Get SALT Encoding   

  12  0:00  SCV  
  13  0:16  Supply Depot  
  13  0:17  SCV  
  14  0:29  SCV  
  15  0:38  Barracks  
  15  0:41  SCV  
  16  0:44  Refinery  
  16  0:53  SCV  
  17  1:05  SCV  
  18  1:17  SCV  
  19  1:29  Orbital Command  
  19  1:32  Barracks Reactor  
  19  1:48  Command Center  
  19  1:57  SCV  
  20  2:05  Supply Depot  
  20  2:09  SCV  
  21  2:22  SCV  
  22  2:28  Factory  
  22  2:29  Marine x2  
  24  2:30  Barracks  
  24  2:39  SCV  
  25  2:46  Marine x2  
  27  2:56  Supply Depot  
  27  2:57  SCV  
  28  3:01  Orbital Command  
  28  3:05  Marine x2  
  30  3:09  SCV  
  31  3:16  Barracks Tech Lab  
  31  3:19  Factory Tech Lab  
  31  3:21  SCV  
  31  3:24  Marine  
  31  3:25  Marine  
  34  3:32  SCV  
  34  3:33  SCV  
  35  3:38  Marauder  
  35  3:40  Stimpack  
  37  3:44  SCV  
  37  3:45  SCV  
  39  3:52  Engineering Bay  
  39  3:53  Refinery  
  39  3:55  Siege Tank  
  42  3:56  SCV  
  43  4:04  SCV  
  44  4:13  SCV  
  44  4:16  SCV, Supply Depot  
  46  4:22  Marine x2  
  50  4:24  Marauder  
  50  4:25  SCV  
  51  4:36  Barracks  
  51  4:37  Barracks  
  51  4:39  Supply Depot  
  51  4:40  Marine x2, Supply Depot  
  50  5:00  Marine x2  
  50  5:01  Siege Tank  
  50  5:03  Marauder  
  57  5:11  SCV x2, Starport  
  57  5:13  Supply Depot  
  59  5:15  Terran Infantry Weapons Level 1  
  59  5:18  Refinery, Marine x2  
  61  5:23  SCV  
  61  5:24  Marauder  
  64  5:28  Barracks Reactor  
  64  5:33  Refinery, SCV  
  64  5:35  SCV  
  66  5:36  Marine  
  67  5:45  SCV  
  67  5:47  SCV  
  68  6:08  Barracks Reactor  
  68  6:09  Combat Shield  
  68  6:10  Starport Reactor  
  68  6:12  Marine x2  
  68  6:13  Barracks, Marine x2  
  68  6:16  Marine  
  73  6:20  Widow Mine  
  75  6:32  Marine x4  
  76  6:34  Marauder  
  81  6:40  Supply Depot  
  81  6:43  Supply Depot  
  81  6:44  Marine x2  
  81  6:46  SCV x2  
  85  6:47  Medivac x2  
  85  6:50  Marine  
  85  6:52  Marine x2  
  92  6:55  Marauder  
  94  7:02  Siege Tank, SCV x2  
  94  7:06  Supply Depot  
  99  7:10  Command Center  
  99  7:14  SCV  
  100  7:17  Marauder  
  100  7:22  Supply Depot  
  102  7:28  Supply Depot  
  102  7:34  Siege Tank  
  102  7:36  Medivac x2  
  109  7:37  Marine x3  
  109  7:38  Marine  
  103  8:15  Marine x4  
  103  8:16  Marine x3  
  103  8:17  Medivac x2  
  103  8:18  Siege Tank  
  93  8:22  Engineering Bay, Terran Infantry Armor Level 1  
  93  8:45  Marine x7  
  100  8:49  SCV x2  
  100  8:52  Reaper  
  103  9:01  SCV x2  
  102  9:05  Siege Tank, Marine  
  102  9:06  Marine x6  
  102  9:07  Medivac x2  
  102  9:09  Orbital Command  
  116  9:13  SCV x2  
  104  9:23  Marine x3  
  106  9:25  SCV x2  
  108  9:38  SCV x3, Marine x2  
  103  9:39  Marine x2  
  103  9:44  Medivac, Armory  
  109  9:50  SCV  
  110  10:03  Marine x5  
  110  10:04  Marine x2  
Tags
 
Matchup
PvT
Spawn Locations
Cross Positions
Add a new tag
Caveats
  • Supply blocks, unpowered buildings, or Contaminate may cause inaccurate times.
  • Supply counts are checked every 10 seconds.